 Dungeon Crawl Stone Soup version 0.16-a0-1029-gdfc7942 (webtiles) character file.

256 Foahim the Ducker (level 5, 0/46 HPs)
             Began as a Draconian Fighter on Oct 4, 2014.
             Was an Initiate of Ru.
             Slain by an orc priest
             ... wielding a +0 flail
              (5 damage)
             ... on level 3 of the Dungeon.
             The game lasted 00:16:51 (2860 turns).

Foahim the Ducker (Draconian Fighter)               Turns: 2860, Time: 00:16:51

HP   0/46        AC  7     Str 18      XL: 5   Next: 92%
MP   5/5         EV 11     Int  8      God: Ru [......]
Gold 220         SH  9     Dex 12      Spells:  0 memorised,  4 levels left

rFire  . . .     SeeInvis .     a - +0 long sword
rCold  . . .     Clarity  .     (armour unavailable)
rNeg   + . .     rCorr    .     c - +0 shield
rPois  .         rRot     .     (helmet restricted)
rElec  .         Spirit   .     (no cloak)
SustAb .         Warding  .     b - +0 pair of gloves
rMut   .         Stasis   +     d - +0 pair of boots
Gourm  .                        n - amulet of stasis
MR     .....                    (no ring)
                                r - ring of positive energy

@: not resistant to hostile enchantments, very unstealthy
A: unfitting armour, cold-blooded, AC +5
a: Renounce Religion


You were on level 3 of the Dungeon.
You worshipped Ru.
Ru was noncommittal.
You were not hungry.

You visited 1 branch of the dungeon, and saw 4 of its levels.

You collected 220 gold pieces.

Inventory:

Hand weapons
 a - a +0 long sword (weapon)
 s - a +4 quarterstaff of chaos
Armour
 b - a +0 pair of gloves (worn)
 c - a +0 shield (worn)
 d - a +0 pair of boots (worn)
 e - a +1 cloak of darkness
Magical devices
 v - a wand of magic darts (15) {unknown}
 w - a wand of random effects (12) {unknown}
Comestibles
 f - 2 bread rations
 h - 3 meat rations
 t - a slice of pizza
 z - 3 fruits
Scrolls
 g - 3 scrolls of remove curse {unknown}
 j - 3 scrolls of enchant armour {unknown}
 m - 4 scrolls of identify {unknown}
 o - 3 scrolls of recharging {unknown}
 x - 2 scrolls of fear {unknown}
 y - a scroll of immolation {unknown}
 B - a scroll of magic mapping {unknown}
Jewellery
 n - an amulet of stasis (around neck)
 r - a ring of positive energy (left hand)
 u - an uncursed amulet of rage {unknown}
 C - an uncursed ring of protection from fire {unknown}
Potions
 i - 2 potions of magic {unknown}
 k - 3 potions of cancellation {unknown}
 l - a potion of agility {unknown}
 p - 3 potions of heal wounds {unknown}
 q - a potion of curing {unknown}
 A - a potion of lignification {unknown}


   Skills:
 + Level 4.1 Fighting
 + Level 3.1 Long Blades
 + Level 4.3 Dodging
 + Level 1.1 Stealth
 + Level 3.9 Shields


You had 4 spell levels left.
You didn't know any spells.

Dungeon Overview and Level Annotations

Branches:
Dungeon (4/15)
 Temple: D:4-7

Altars:
Dithmenos
Elyvilon
Gozag
Makhleb
Nemelex Xobeh
Ru
Xom


Innate Abilities, Weirdness & Mutations

Your plain brown scales are hard (AC +5).
Your body does not fit into most forms of armour.
Your cold-blooded metabolism reacts poorly to cold.


Message History

Items here: % )) [ a flail; a leather armour; a club; an orc corpse You see here a ring mail.
The orc priest shouts!
The orc priest calls down the wrath of Beogh upon you.
Something smites you!
The orc priest invokes the aid of Beogh against you.
Something smites you!
The orc priest invokes the aid of Beogh against you.
Pain shoots through your body! The orc priest barely misses you.
You barely miss the orc priest. You block the orc priest's attack.
You closely miss the orc priest.
The orc priest mumbles some strange prayers to Beogh against you.
Something smites you!
* * * LOW HITPOINT WARNING * * *
You slash the orc priest!
The orc priest is heavily wounded.
The orc priest hits you with a flail.
You die...

#.........###
#.........#
#.(..)....#
####.#...## #...####
###### #...# ##.....
#...# ###..#### #..o#
####...## ##.@#
#....###
######.#####.#### #
#.......[.)..# ###
#.........#### ##..
#..........### ##..#
#............##
###%.##
#.........##..###...##
########.####.....####
#.######......#


You could see an orc priest.

Vanquished Creatures
  A crimson imp (D:3)
  Crazy Yiuf (D:2)
  A hound (D:2)
  3 gnolls
  3 adders
  2 worms
  4 giant geckos
  11 orcs
  2 ball pythons (D:2)
  6 giant cockroaches
  6 goblins
  9 hobgoblins
  6 jackals (D:3)
  7 kobolds
  10 bats
  6 giant newts
  A quokka (D:3)
  10 rats
  A fungus (D:2)
90 creatures vanquished.

Notes
Turn   | Place    | Note
--------------------------------------------------------------
     0 | D:1      | Foahim, the Draconian Fighter, began the quest for the Orb.
     0 | D:1      | Reached XP level 1. HP: 19/19 MP: 1/1
    99 | D:1      | Reached XP level 2. HP: 20/26 MP: 2/2
   494 | D:2      | Reached XP level 3. HP: 31/31 MP: 3/3
   995 | D:2      | Found a shadowy altar of Dithmenos.
  1381 | D:2      | Reached XP level 4. HP: 35/39 MP: 4/4
  1549 | D:2      | Noticed Crazy Yiuf
  1558 | D:2      | Killed Crazy Yiuf
  1787 | D:3      | Found an opulent altar of Gozag.
  1962 | D:4      | Reached skill level 4 in Fighting
  1962 | D:4      | Reached XP level 5. HP: 34/46 MP: 5/5
  1991 | D:4      | Found a white marble altar of Elyvilon.
  2133 | D:4      | Found a sacrificial altar of Ru.
  2142 | D:4      | Became a worshipper of Ru the Awakened
  2301 | D:4      | Found a sparkling altar of Nemelex Xobeh.
  2394 | D:3      | Found a burning altar of Makhleb.
  2394 | D:3      | Found a shimmering altar of Xom.
  2447 | D:3      | Reached skill level 1 in Stealth
  2860 | D:3      | Slain by an orc priest

Action                   |  1- 3 |  4- 6 || total
-------------------------+-------+-------++-------
Melee: Long sword        |   135 |   182 ||   317
  Use: Potion            |       |     1 ||     1
  Eat: Bread ration      |     1 |     1 ||     2
